 Dungeon Crawl Stone Soup version 0.28-a0-589-g333b8329f1 (webtiles) character file.

Game seed: 12117975493329180092

736 Heedrag the Chopper (level 7, -1/61 HPs)
             Began as a Minotaur Fighter on Oct 3, 2021.
             Succumbed to a water moccasin's poison
             ... on level 6 of the Dungeon.
             The game lasted 00:05:43 (4639 turns).

Heedrag the Chopper (Minotaur Fighter)              Turns: 4639, Time: 00:05:43

Health: -1/61      AC: 10    Str: 23    XL:     7   Next: 46%
Magic:  6/6        EV: 10    Int:  5    God:
Gold:   254        SH:  4    Dex:  9    Spells: 6/6 levels left

rFire   . . .      SeeInvis .   a - +0 war axe
rCold   . . .      Faith    .   c - +0 buckler
rNeg    . . .      Spirit   .   b - +0 scale mail
rPois   .          Reflect  .   (helmet restricted)
rElec   .          Harm     .   (no cloak)
rCorr   .          Rampage  .   o - +0 pair of gloves
Will    .....                   q - +1 pair of boots
Stlth   ..........              (no amulet)
HPRegen 0.20/turn               (no ring)
MPRegen 0.10/turn               (no ring)

@: brilliant, lethally poisoned (-1 -> -15), flying
A: horns 2, retaliatory headbutt
a: no special abilities


You were on level 6 of the Dungeon.
You visited 2 branches of the dungeon, and saw 7 of its levels.

You collected 254 gold pieces.

Inventory:

Hand Weapons
 a - a +0 war axe (weapon)
 t - a +0 morningstar
   (You found it on level 5 of the Dungeon)
Missiles
 g - 26 poisoned darts
 m - 6 javelins
 r - 5 atropa-tipped darts (quivered)
Armour
 b - a +0 scale mail (worn)
 c - a +0 buckler (worn)
 o - a +0 pair of gloves (worn)
   (You found it on level 2 of the Dungeon)
 q - a +1 pair of boots (worn)
   (You found it on level 3 of the Dungeon)
 u - the +1 robe of the Pleiades {rF+ rN+ Int+4}
   (You found it on level 5 of the Dungeon)

   Int:       It affects your intelligence (+4).
   rF:        It protects you from fire.
   rN:        It protects you from negative energy.
Jewellery
 p - a ring of magical power
   (You found it on level 3 of the Dungeon)
Wands
 x - a wand of acid (5)
   (You found it on level 3 of the Dungeon)
Scrolls
 e - 7 scrolls of identify {unknown}
 f - 2 scrolls of magic mapping {unknown}
 h - 2 scrolls of fear {unknown}
 k - a scroll of torment {unknown}
 l - a scroll of amnesia {unknown}
 n - 3 scrolls of teleportation {unknown}
 v - a scroll of holy word {unknown}
Potions
 d - 2 potions of might
 i - a potion of curing {unknown}
 j - a potion of brilliance


   Skills:
 + Level 5.0 Fighting
 * Level 5.6 Axes
 * Level 3.4 Throwing
 + Level 5.1 Armour
 + Level 3.0 Dodging
 + Level 5.1 Shields


You had 6 spell levels left.
You didn't know any spells.
Your spell library contained the following spells:

 Spells                   Type           Power      Damage    Failure   Level
 Beastly Appendage        Tmut           0%         N/A       77%         1
 Wereblood                Tmut           0%         N/A       88%         2
 Spider Form              Tmut/Pois      0%         N/A       98%         3
 Tukima's Dance           Hex            0%         N/A       98%         3
 Passage of Golubria      Tloc           N/A        N/A       100%        4
 Summon Forest            Summ/Tloc      0%         N/A       100%        5
 Yara's Violent Unravell  Hex/Tmut       0%         3d3       100%        5
 Eringya's Noxious Bog    Tmut/Pois      0%         N/A       100%        6
 Summon Hydra             Summ           0%         N/A       100%        7


Dungeon Overview and Level Annotations

Branches:
Dungeon (6/15)             Temple (1/1) D:4

Altars:
Ashenzari
Cheibriados
Dithmenos
Elyvilon
Fedhas
Gozag
Hepliaklqana
Kikubaaqudgha
Makhleb
Nemelex Xobeh
Qazlal
Ru
Sif Muna
Trog
Vehumet
Wu Jian
Xom
Yredelemnul
Zin

Shops:
D:1 [   D:3 *


Innate Abilities, Weirdness & Mutations

You have a pair of horns on your head.
You reflexively headbutt those who attack you in melee.


Message History

You barely miss the water moccasin.
You feel extremely sick.
The water moccasin bites you but does no damage. x2
You barely miss the water moccasin.
You feel extremely sick. The water moccasin barely misses you.
You furiously retaliate!
You headbutt the water moccasin! You slash the water moccasin!
You feel very sick.
The water moccasin bites you but does no damage. x2
You are too injured to fight recklessly!
You are too injured to fight recklessly!
You miss the water moccasin.
You headbutt the water moccasin, but do no damage.
You feel very sick. The water moccasin bites you.
* * * LOW HITPOINT WARNING * * *
The water moccasin bites you but does no damage.
You completely miss the water moccasin.
Your headbutt misses the water moccasin.
You feel very sick. You block the water moccasin's attack.
You hit the water moccasin.
Your headbutt misses the water moccasin.
You feel sick.
The water moccasin bites you but does no damage.
You block the water moccasin's attack.
Unknown command.
You closely miss the water moccasin.
You feel very sick. The water moccasin bites you.
* * * LOW HITPOINT WARNING * * *
The water moccasin closely misses you. You furiously retaliate!
You headbutt the water moccasin, but do no damage.
Unknown command.
You closely miss the water moccasin.
You feel sick.
The water moccasin bites you but does no damage.
The water moccasin bites you.
* * * LOW HITPOINT WARNING * * *
You are lethally poisoned!
The water moccasin poisons you!
It was a potion of brilliance.
You feel clever all of a sudden.
* * * LOW HITPOINT WARNING * * *
You feel very sick.
The water moccasin bites you but does no damage.
It was a potion of flight.
You feel very buoyant.
You fly up into the air.
You die...

#######
#.#...#
#.#.#.#
#...#.#
#.###.#
#.###.#
#.#...#
#@#.###
#S#:#
#.#<#
#.###
#.# ..#
###


You could see a water moccasin.

Vanquished Creatures
  A water moccasin (D:5)
  An ice beast (D:5)
  An ogre (D:5)
  A scorpion (D:5)
  A water moccasin skeleton (D:5)
  A centaur zombie (D:5)
  2 hounds (D:4)
  2 orc wizards (D:3)
  Natasha (D:3)
  A hound skeleton (D:4)
  A howler monkey zombie (D:5)
  7 adders
  A white imp (D:5)
  3 worms
  A dart slug (D:1)
  10 orcs
  4 ball pythons
  5 bats
  7 endoplasms
  4 giant cockroaches
  5 goblins
  4 hobgoblins
  8 kobolds
  A quokka (D:2)
  7 frilled lizards
  7 rats
87 creatures vanquished.

Vanquished Creatures (others)
  10 plants (D:5)
10 creatures vanquished.

Grand Total: 97 creatures vanquished

Notes
Turn   | Place    | Note
-------+----------+-------------------------------------------
     0 | D:1      | Heedrag the Minotaur Fighter began the quest for the Orb.
     0 | D:1      | Reached XP level 1. HP: 19/19 MP: 0/0
   140 | D:1      | Reached XP level 2. HP: 27/27 MP: 1/1
   181 | D:1      | Found Zuro's Antique Armour Shoppe.
   187 | D:1      | Reached skill level 1 in Dodging
   647 | D:2      | Reached XP level 3. HP: 31/33 MP: 2/2
   999 | D:2      | Reached XP level 4. HP: 39/40 MP: 3/3
  1484 | D:3      | Found Jurink's Assorted Antiques.
  1766 | D:3      | Found a broken altar of Ashenzari.
  1786 | D:3      | Noticed Natasha
  1790 | D:3      | Killed Natasha
  1791 | D:3      | Reached XP level 5. HP: 45/46 MP: 4/4
  1802 | D:3      | Reached skill level 1 in Throwing
  2141 | D:3      | Found a faded altar of an unknown god.
  2653 | D:4      | Found a staircase to the Ecumenical Temple.
  2672 | Temple   | Entered the Ecumenical Temple
  2982 | D:4      | Reached XP level 6. HP: 53/53 MP: 5/5
  3499 | D:5      | Entered Level 5 of the Dungeon
  3499 | D:5      | Noticed a water moccasin
  3510 | D:5      | Killed a water moccasin
  3710 | D:5      | Reached skill level 5 in Axes
  3751 | D:5      | Found an ancient bone altar of Kikubaaqudgha.
  3769 | D:5      | Reached XP level 7. HP: 46/60 MP: 6/6
  3874 | D:5      | Reached skill level 5 in Armour
  3874 | D:5      | Reached skill level 5 in Shields
  4011 | D:5      | Identified the +1 robe of the Pleiades {rF+ rN+ Int+4}
  4222 | D:5      | Reached skill level 5 in Fighting
  4517 | D:5      | Found a shadowy altar of Dithmenos.
  4529 | D:5      | Found a burning altar of Makhleb.
  4638 | D:6      | HP: 2/61 [poisoned by a water moccasin]
  4639 | D:6      | Succumbed to a water moccasin's poison

Illustrated notes

Levels and vault maps discovered:
D:1:      psy_arrival_fountain, layout_loops_ring, serial_shops, shop,
          minmay_lizard_pond
D:2:      layout_basic
D:3:      layout_basic, lemuel_crystal_altar, serial_shops,
          nicolae_shop_overgrown_old_shop, basic_ecumenical_altar,
          kennysheep_boxes, uniq_natasha
D:4:      layout_basic, minmay_temple_entry_mini_moons
D:5:      layout_rooms, kiku_gazebo_garden_becter,
          amethyst_overflow_temple_binary, serial_bayou, serial_bayou_shore_a,
          serial_bayou_lagoon_a, serial_bayou_shore_b, serial_bayou_ford_a,
          kennysheep_decorative_pillar
D:6:      layout_basic
Temple:   regret_index_temple_waves

Skill      XL: |  1  2  3  4  5  6  7 |
---------------+----------------------+-----
Dodging        | 1 2 3 |  3.0
Axes           | 3 4 5 |  5.6
Shields        | 4 5 |  5.1
Fighting       | 4 5 |  5.0
Armour         | 4 5 |  5.1
Throwing       | 2 3 |  3.4

Action                   |  1- 3 |  4- 6 |  7- 9 || total
-------------------------+-------+-------+-------++-------
Melee: War axe           |    57 |   126 |    31 ||   214
       Headbutt          |     7 |    17 |     8 ||    32
Throw: Dart              |       |     6 |       ||     6
  Use: Potion            |       |       |     2 ||     2
Armor: Scale mail        |    22 |    46 |    25 ||    93
Dodge: Dodged            |    26 |    57 |    16 ||    99
Block: Buckler           |    12 |    23 |     5 ||    40

Table legend: (Time is in decaauts)
 A = Elapsed time spent in this place.
 B = Non-inter-level travel time spent in this place.
 C = Inter-level travel time spent in this place.
 D = Time resting spent in this place.
 E = Time spent auto-exploring this place.
 F = Levels seen in this place.
 G = Mean time per level.
                   A        B        C        D        E       F      G
               +--------+--------+--------+--------+--------+-----+--------+
         Total |   4757 |   4619 |    138 |      0 |   3917 |   7 |  679.6 |
       Dungeon |   4629 |   4508 |    121 |      0 |   3817 |   6 |  771.5 |
        Temple |    128 |    112 |     16 |      0 |    100 |   1 |  128.0 |
               +--------+--------+--------+--------+--------+-----+--------+

Top non-repeatable levels by time:
     D:3: 1199 daAuts
     D:5: 1151 daAuts
     D:2: 820 daAuts
     D:4: 771 daAuts
     D:1: 652 daAuts
  Temple: 128 daAuts
     D:6: 34 daAuts
